 Dungeon Crawl Stone Soup version 0.16-a0-326-g6f2d4d4 (webtiles) character file.

632 PolkaDot the Summoner (level 7, -8/46 HPs)
             Began as a Vampire Summoner on Sept 4, 2014.
             Mangled by a troll (18 damage)
             ... on Level 5 of the Dungeon.
             The game lasted 00:15:17 (5025 turns).

PolkaDot the Summoner (Vampire Summoner)            Turns: 5025, Time: 00:15:17

HP  -8/46        AC  6     Str  7      XL: 7   Next: 24%
MP  12/21        EV 12     Int 19      God:
Gold 186         SH  0     Dex 14      Spells:  3 memorised,  4 levels left

rFire  . . .     SeeInvis +     k - +0 short sword
rCold  . . .     Clarity  .     a - +0 robe
rNeg   . . .     rCorr    .     (no shield)
rPois  .         rRot     .     h - +2 helmet
rElec  .         Spirit   .     (no cloak)
SustAb .         Warding  .     s - +0 pair of gloves
rMut   .         Stasis   .     (no boots)
Gourm  .                        (no amulet)
MR     +....                    l - ring of protection from magic
                                j - ring of magical power

@: regenerating quickly, somewhat resistant to hostile enchantments, unstealthy
A: bottle blood, fangs 3, see invisible, unbreathing
a: Bottle Blood


You were on level 5 of the Dungeon.
You were very full.

You visited 1 branch of the dungeon, and saw 5 of its levels.

You collected 186 gold pieces.

Inventory:

Hand weapons
 k - a +0 short sword (weapon)
Armour
 a - a +0 robe (worn)
 h - a +2 helmet (worn)
 s - a +0 pair of gloves (worn)
Magical devices
 w - a wand of slowing (10)
Scrolls
 c - a scroll of noise {unknown}
 e - a scroll of remove curse {unknown}
 g - 5 scrolls of teleportation
 i - a scroll of random uselessness {unknown}
 n - a scroll of immolation {unknown}
 p - a scroll of enchant weapon {unknown}
 r - a scroll of recharging
 v - a scroll of identify {unknown}
 x - a scroll of enchant armour
Jewellery
 j - a ring of magical power (left hand)
 l - a ring of protection from magic (right hand)
Potions
 d - a potion of mutation {unknown}
 f - 3 potions of poison {unknown}
 m - a potion of haste {unknown}
 o - a potion of agility {unknown}
 q - a potion of heal wounds {unknown}
 t - 2 potions of curing {unknown}
 u - a potion of lignification {unknown}
Books
 b - a book of Callings

   Spells                             Type                      Level
   *Summon Small Mammal               Summoning                    1
   *Call Imp                          Summoning                    2
   *Call Canine Familiar              Summoning                    3
   Summon Guardian Golem              Hexes/Summoning              4
   Summon Lightning Spire             Summoning/Air                4
   Summon Ice Beast                   Ice/Summoning                4


   Skills:
 - Level 2.1 Dodging
 - Level 3.0 Stealth
 - Level 2.0 Spellcasting
 * Level 8.9 Summonings


You had 4 spell levels left.
You knew the following spells:

 Your Spells              Type           Power        Failure   Level  Hunger
a - Summon Small Mammal   Summ           ####         1%          1    #......
d - Call Canine Familiar  Summ           #####...     1%          3    ####...
s - Call Imp              Summ           #####...     1%          2    ##.....


Dungeon Overview and Level Annotations

Branches:
Dungeon (5/15)
 Temple: D:4-7

Altars:
Dithmenos
Elyvilon
Makhleb
Nemelex Xobeh
Qazlal


Innate Abilities, Weirdness & Mutations

Your natural rate of healing is unusually fast.
You can bottle blood from corpses.
You have razor-sharp teeth.
You have supernaturally acute eyesight.
You can survive without breathing.


Message History

Your white imp closely misses the troll.
Your white imp barely misses the troll.
Casting: Call Imp
Confirm with . or Enter, or press ? or * to list all spells.
The troll bites your white imp. The troll barely misses your white imp.
The troll claws your white imp.
Your white imp dies!
Your white imp barely misses the troll.
Unknown command.
Your hound completely misses the troll.
You hit the troll.
The troll is lightly wounded.
Your hound bites the troll.
The troll barely misses you. The troll claws you.
* * * LOW HITPOINT WARNING * * *
The troll claws you!
* * * LOW HITPOINT WARNING * * *
Your white imp hits the troll.
Your white imp freezes the troll.
Your hound bites the troll but does no damage.
Your hound closely misses the troll.
The troll bites you!!
You die...

#.......♣♣.♣P.. ♣ .8. .♣♣
####.....♣.♣. .♣♣ .P ..P
.###..♣.P.♣ ## ♣. ♣ .♣♣ ♣
.........♣# .. .♣.P♣ .##...#.P#+
#. ...♣ .#....#.♣.## ##♣. ♣..♣
♣♣. #..##(♣..PP# #.♣.♣♣♣♣§♣♣♣♣...
.#.##.♣.P.♣♣♣♣.♣♣hPP≈§.♣.PP♣
.........♣♣♣♣...@T5§.♣♣P#.#♣♣
.................###......#.#####
....[)..[..................<.....
##.#)....###.###..##.######.#####
#...........## ##...#######.# ##
#..........## ##.#........# #.
..........## #.#.######## #%
#.##.....## #.#.# #. ..##%...##
#.#.# #.


You could see a troll, a friendly hound and a friendly white imp.

Vanquished Creatures
  An ogre (D:4)
  A scorpion (D:5)
  A hippogriff skeleton (D:5)
  A crimson imp (D:5)
  A hound (D:4)
  A jelly (D:5)
  A worker ant (D:4)
  2 adders (D:2)
  A gnoll skeleton (D:5)
  A giant mite (D:3)
  A green rat (D:5)
  An iguana skeleton (D:5)
  4 orcs
  4 ball pythons
  8 bats
  5 giant cockroaches
  12 goblins
  9 hobgoblins
  A jackal (D:1)
  6 quokkas
  4 giant geckos
  5 giant newts
  A hobgoblin zombie (D:3)
  13 kobolds
  9 rats
94 creatures vanquished.

Vanquished Creatures (collateral kills)
  An ogre (D:5)
  A necrophage (D:5)
  A scorpion (D:4)
  2 hounds
  An iguana (D:4)
  An orc wizard (D:4)
  An ogre skeleton (D:5)
  A green rat (D:5)
  6 adders
  3 worms (D:3)
  An orc (D:4)
  A bat (D:5)
  2 giant cockroaches
  2 hobgoblins
  2 jackals (D:1)
  A giant gecko (D:1)
  A rat skeleton (D:4)
28 creatures vanquished.

Vanquished Creatures (others)
  4 hounds (D:5)
  A white imp (D:5)
  A giant gecko (D:1)
  A goblin (D:1)
  A giant newt (D:1)
  A quokka (D:1)
  A rat (D:1)
10 creatures vanquished.

Grand Total: 132 creatures vanquished

Notes
Turn   | Place    | Note
--------------------------------------------------------------
     0 | D:1      | PolkaDot, the Vampire Summoner, began the quest for the Orb.
     0 | D:1      | Reached XP level 1. HP: 13/13 MP: 3/3
   290 | D:1      | Reached XP level 2. HP: 19/19 MP: 2/4
  1053 | D:2      | Reached skill level 5 in Summonings
  1077 | D:2      | Reached XP level 3. HP: 8/24 MP: 6/6
  1174 | D:2      | Learned a level 2 spell: Call Imp
  1178 | D:2      | Learned a level 3 spell: Call Canine Familiar
  1760 | D:2      | Reached XP level 4. HP: 30/30 MP: 7/7
  1882 | D:3      | Found a white marble altar of Elyvilon.
  2581 | D:3      | Reached skill level 6 in Summonings
  2821 | D:4      | Found a burning altar of Makhleb.
  2824 | D:4      | Found a shadowy altar of Dithmenos.
  2826 | D:4      | Found a sparkling altar of Nemelex Xobeh.
  2867 | D:4      | Reached XP level 5. HP: 35/35 MP: 9/9
  3284 | D:4      | Noticed an ogre
  3341 | D:4      | Killed an ogre
  3341 | D:4      | Reached skill level 7 in Summonings
  3524 | D:4      | Reached XP level 6. HP: 30/41 MP: 10/10
  4247 | D:5      | Entered Level 5 of the Dungeon
  4403 | D:5      | Reached skill level 8 in Summonings
  4576 | D:5      | Reached XP level 7. HP: 43/46 MP: 12/12
  4687 | D:5      | Found a stormy altar of Qazlal.
  5011 | D:5      | Noticed a troll
  5025 | D:5      | Mangled by a troll

Action                   |  1- 3 |  4- 6 |  7- 9 || total
-------------------------+-------+-------+-------++-------
Melee: Unarmed           |    68 |       |       ||    68
       Hand axe          |    39 |       |       ||    39
       Short sword       |    82 |   225 |    53 ||   360
 Cast: Summon Small Mamm |     8 |       |       ||     8
       Call Imp          |     3 |    24 |     2 ||    29
       Call Canine Famil |       |    14 |     4 ||    18
Evoke: Wand              |       |     1 |       ||     1
  Use: Scroll            |       |     4 |       ||     4
 Stab: Sleeping          |     6 |     7 |     2 ||    15
       Distracted        |       |     2 |     2 ||     4
  Eat: Corpse            |    16 |    18 |     4 ||    38
